 Dungeon Crawl Stone Soup version 0.17.1-3-g152610e (webtiles) character file.

231 MovingMist the Skirmisher (level 6, -5/57 HPs)
             Began as a Naga Fighter on Apr 26, 2016.
             Slain by an ogre
             ... wielding a +0 giant club
              (7 damage)
             ... on level 4 of the Dungeon.
             The game lasted 00:08:11 (2514 turns).

MovingMist the Skirmisher (Naga Fighter)            Turns: 2514, Time: 00:08:13

Health: -5/57      AC:  7    Str: 19    XL:     6   Next: 3%
Magic:  6/6        EV:  5    Int:  8    God:
Gold:   146        SH: 10    Dex: 12    Spells: 0 memorised, 5 levels left

rFire  . . .     SeeInvis +     a - +1 trident
rCold  . . .     Clarity  .     b - +0 scale mail
rNeg   . . .     SustAt   .     c - +1 shield
rPois  +         Gourm    .     (no helmet)
rElec  .         Spirit   .     (no cloak)
rCorr  .         Warding  .     j - +0 pair of gloves
rMut   +         Stasis   .     (no barding)
MR     .....                    o - amulet of resist mutation
Stlth  ..........               (no ring)
                                (no ring)

@: very slow, not resistant to hostile enchantments, extremely unstealthy
A: see invisible, deformed body, poison resistance, slowness 2, slow metabolism
1, spit poison 2, AC +2
a: Spit Poison


You were on level 4 of the Dungeon.
You were hungry.

You visited 1 branch of the dungeon, and saw 4 of its levels.

You collected 146 gold pieces.

Inventory:

Hand Weapons
 a - a +1 trident (weapon)
Armour
 b - a +0 scale mail (worn)
 c - a +1 shield (worn)
 j - a +0 pair of gloves (worn)
Jewellery
 o - an amulet of resist mutation (around neck)
 r - an uncursed amulet of guardian spirit
Scrolls
 i - a scroll of remove curse
 m - 2 scrolls of amnesia
 s - a scroll of identify
Potions
 d - a potion of might
 f - 3 potions of curing
 g - 4 potions of heal wounds {unknown}
 h - 2 potions of brilliance {unknown}
 l - a potion of lignification {unknown}
 t - a potion of agility {unknown}
Books
 n - a book of Clouds

   Spells                             Type                      Level
   a - Mephitic Cloud                 Conjuration/Poison/Air       3
   b - Conjure Flame                  Conjuration/Fire             3
   c - Poisonous Cloud                Conjuration/Poison/Air       6
   d - Freezing Cloud                 Conjuration/Ice/Air          6
   e - Ring of Flames                 Charms/Fire                  7
 q - a book of Changes

   Spells                             Type                      Level
   a - Beastly Appendage              Transmutation                1
   b - Sticks to Snakes               Transmutation                2
   c - Spider Form                    Transmutation/Poison         3
   d - Ice Form                       Ice/Transmutation            4
   e - Blade Hands                    Transmutation                5
Comestibles
 e - a bread ration
 k - 3 meat rations
 p - 5 fruits


   Skills:
 + Level 4.2 Fighting
 + Level 3.1 Polearms
 + Level 3.2 Armour
 + Level 3.6 Shields


You had 5 spell levels left.
You didn't know any spells.

Dungeon Overview and Level Annotations

Branches:
Dungeon (4/15)
 Temple: D:4-7

Altars:
Dithmenos
Elyvilon
Okawaru
Ru
Sif Muna


Innate Abilities, Weirdness & Mutations

You cannot wear boots.
Your serpentine skin is tough (AC +2).
You have supernaturally acute eyesight.
Armour fits poorly on your strangely shaped body.
Your system is resistant to poisons.
You cover ground very slowly.
You have a slow metabolism.
You can spit poison.


Message History

The ogre is heavily wounded.
You block the giant cockroach's attack. You block the ogre's attack.
The phantom hits you!
You puncture the ogre!
The ogre is almost dead.
The giant cockroach bites you but does no damage.
The phantom barely misses you. The ogre hits you with a giant club!
The giant cockroach barely misses you.
Your shield and scale mail prevent you from hitting the ogre.
The ogre is almost dead.
The phantom hits you. You block the giant cockroach's attack.
The ogre hits you with a giant club!
* * * LOW HITPOINT WARNING * * *
You completely miss the ogre.
The ogre is almost dead.
The giant cockroach bites you but does no damage.
The phantom hits you.
* * * LOW HITPOINT WARNING * * *
The ogre hits you with a giant club!
You die...

#+# #..##......#
##..###..##......#
#....#...........#
#....#........... #
#....#.......... #.
#....#.......# #..
#OW..#.......## #...
#@...#........#
#....#s...#........#
#....'....#...<....#
#..W.#....#...##..##
#....#....#...#####
#... #....#....#
#... #....#....# #..
##'###....# #..
#..##...##


You could see a phantom, an ogre and a giant cockroach.

Vanquished Creatures
  2 vampire bats (D:3)
  An orc priest (D:3)
  A worker ant zombie (D:3)
  An adder (D:3)
  An ooze (D:1)
  An adder skeleton (D:4)
  A worm (D:2)
  2 giant geckos
  4 orcs (D:3)
  4 giant cockroaches
  6 goblins
  9 hobgoblins
  9 jackals
  8 kobolds
  2 ball pythons
  16 bats
  4 giant newts
  12 rats
84 creatures vanquished.

Notes
Turn   | Place    | Note
--------------------------------------------------------------
     0 | D:1      | MovingMist the Naga Fighter began the quest for the Orb.
     0 | D:1      | Reached XP level 1. HP: 21/21 MP: 1/1
   204 | D:1      | Reached XP level 2. HP: 26/28 MP: 2/2
   342 | D:1      | Reached XP level 3. HP: 31/34 MP: 3/3
  1109 | D:2      | Reached XP level 4. HP: 43/43 MP: 4/4
  1749 | D:3      | Found a shadowy altar of Dithmenos.
  1909 | D:3      | Reached skill level 4 in Fighting
  1909 | D:3      | Reached XP level 5. HP: 38/50 MP: 5/5
  2209 | D:3      | Reached XP level 6. HP: 39/57 MP: 6/6
  2239 | D:3      | Found a sacrificial altar of Ru.
  2243 | D:3      | Found an iron altar of Okawaru.
  2247 | D:3      | Found a white marble altar of Elyvilon.
  2302 | D:3      | Found a deep blue altar of Sif Muna.
  2514 | D:4      | HP: 2/57 [phantom (2)]
  2514 | D:4      | Slain by an ogre

Action                   |  1- 3 |  4- 6 || total
-------------------------+-------+-------++-------
Melee: Trident           |   167 |   139 ||   306
  Use: Scroll            |     2 |     6 ||     8
  Eat: Chunk             |     1 |     3 ||     4
